 Dungeon Crawl Stone Soup version 0.20-a0-296-gf222164 (webtiles) character file.

57 snakesoul the Cudgeler (level 4, -1/29 HPs)
             Began as a Gargoyle Berserker on Dec 14, 2016.
             Was a Believer of Trog.
             Slain by Natasha (4 damage)
             ... on level 2 of the Dungeon.
             The game lasted 00:03:36 (1043 turns).

snakesoul the Cudgeler (Gargoyle Berserker)         Turns: 1043, Time: 00:03:37

Health: -1/29      AC:  5    Str: 20    XL:     4   Next: 0%
Magic:  4/4        EV: 12    Int: 11    God:    Trog [**....]
Gold:   70         SH:  0    Dex: 12    Spells: 3/3 levels left

rFire  . . .     SeeInvis .     a - +0 mace
rCold  . . .     Gourm    .     b - +0 animal skin
rNeg   + . .     Faith    .     (no shield)
rPois  ∞         Spirit   .     (no helmet)
rElec  +         Reflect  .     (no cloak)
rCorr  .         Harm     .     (no gloves)
MR     .....                    (no boots)
Stlth  +.........               (no amulet)
                                m - +3 ring of intelligence
                                g - +2 ring of dexterity

@: exhausted
A: negative energy resistance 1, electricity resistance, unbreathing,
petrification resistance, rot immunity, AC +3
a: Berserk, Trog's Hand, Burn Spellbooks, Renounce Religion


You were on level 2 of the Dungeon.
You worshipped Trog.
Trog was pleased with you.
You were very hungry.

You visited 1 branch of the dungeon, and saw 2 of its levels.

You collected 70 gold pieces.

Inventory:

Hand Weapons
 a - a +0 mace (weapon)
Missiles
 j - 4 tomahawks (quivered)
Armour
 b - a +0 animal skin (worn)
Jewellery
 g - a +2 ring of dexterity (left hand)
 m - a +3 ring of intelligence (right hand)
Scrolls
 d - a scroll of blinking {unknown}
 h - a scroll of identify {unknown}
Potions
 e - a potion of degeneration {unknown}
 k - a potion of curing {unknown}
 l - a potion of cancellation
Comestibles
 c - 3 bread rations
 f - a beef jerky
 i - a meat ration
 n - 2 chunks of flesh


   Skills:
 + Level 3.9 Fighting
 * Level 4.3 Maces & Flails
 - Level 2.1 Armour
 - Level 1.5 Dodging


You had 3 spell levels left.
You didn't know any spells.

Dungeon Overview and Level Annotations

Branches:
Dungeon (2/15)

Altars:

Annotations:
D:2 Natasha, Robin


Innate Abilities, Weirdness & Mutations

You are resistant to torment.
Your stone body is resilient. (AC +3)
You are immune to poison.
You resist negative energy. (rN+)
You are resistant to electric shocks. (rElec)
You can survive without breathing.
You are immune to petrification.
You are immune to rotting.


Message History

Unknown command.
Unknown command.
Unknown command.
The goblin closely misses you. The crimson imp puffs mist at you.
The crimson imp blinks!
Things that are here:
a club; a dagger; a goblin corpse Natasha casts a spell at you.
You resist with some effort.
Robin roars a battlecry!
The goblin goes into a battle-frenzy!
The crimson imp disappears in a puff of smoke!
The crimson imp closely misses you.
Okay, then.
The crimson imp blinks!
You barely miss Natasha.
Natasha is lightly wounded.
The crimson imp blinks!
The goblin barely misses you. Natasha claws you.
You die...

*,*******,* *.* *,*
********.#####**,********* **
*,,,,,**.....,,..#*,,,,,,,
,**##**#.....**#...###..##,,,,,,,
,,,...,#.....* #.§.#......,,,,,,,
,,,....#....#* #...#.......,****,
,,.,,..#....####...#......,,,,,,,
,,..,,..........@§.......,,,,,,,,
,....###........gh..###.#,****,,,
,....)..............###§#,,,,,,,*
,...#*#...÷....5...g....#,,,,,,,*
,,,...#................5#,,,,,,,*
,,,,#.#........###...)).#,****,,,
,,,,#....#########...[.)#,,,,*,,,
,,,,#....#.......######)#,,,,*,,,
,,,,#....#.......# *...,,,,,,,


You could see Robin, Natasha, 2 crimson imps and a goblin.

Vanquished Creatures
  An ooze (D:1)
  A worm (D:2)
  3 leopard geckos (D:1)
  A giant cockroach (D:2)
  13 goblins
  7 hobgoblins
  3 bats
  6 kobolds
  4 rats
39 creatures vanquished.

Notes
Turn   | Place    | Note
-------+----------+-------------------------------------------
     0 | D:1      | snakesoul the Gargoyle Berserker began the quest for the Orb.
     0 | D:1      | Reached XP level 1. HP: 14/14 MP: 1/1
    30 | D:1      | Reached XP level 2. HP: 16/19 MP: 2/2
   553 | D:1      | Reached XP level 3. HP: 22/23 MP: 3/3
   848 | D:2      | Reached skill level 4 in Maces & Flails
   862 | D:2      | Reached ** piety under Trog
  1012 | D:2      | Noticed Robin
  1012 | D:2      | Noticed Natasha
  1033 | D:2      | Reached XP level 4. HP: 17/29 MP: 4/4
  1043 | D:2      | Slain by Natasha

Vault maps used:
D:1:      tarquinn_simple_flora_water_f
D:2:      uniq_natasha, uniq_robin, uniq_jessica

Skill      XL: |  1  2  3 |
---------------+----------+-----
Maces & Flails | 4 |  4.3
Fighting       | |  3.9
Armour         | |  2.1
Dodging        | |  1.5

Action                   |  1- 3 |  4- 6 || total
-------------------------+-------+-------++-------
Melee: Mace              |   103 |     3 ||   106
Invok: Berserk           |     2 |       ||     2
  Use: Scroll            |     1 |       ||     1
       Potion            |       |     1 ||     1
  Eat: Chunk             |     1 |       ||     1
Armor: Animal skin       |    36 |     2 ||    38
Dodge: Dodged            |    65 |    11 ||    76
